 Dungeon Crawl Stone Soup version 0.31-a0-1009-g454b1f1e0a (webtiles) character file.

Game seed: 16136886515198364876

88 CrazyBamboolord the Shooter (level 4, 0/35 HPs)
             Began as a Formicid Hunter on Nov 15, 2023.
             Was an Initiate of Hepliaklqana.
             Succumbed to Crazy Yiuf's poison
             ... on level 2 of the Dungeon.
             The game lasted 00:02:44 (1326 turns).

CrazyBamboolord the Shooter (Formicid Hunter)       Turns: 1326, Time: 00:02:44

Health: 0/35       AC:  3    Str: 15    XL:     4   Next: 81%
Magic:  4/4        EV: 12    Int:  9    God:    Hepliaklqana [......]
Gold:   74         SH:  0    Dex: 19    Spells: 3/3 levels left

rFire   . . .        a - +0 shortbow
rCold   . . .        (no shield)
rNeg    . . .        c - +0 leather armour
rPois   .            (helmet unavailable)
rElec   .            (no cloak)
rCorr   .            (no gloves)
SInv    +            (no boots)
Will    .....        (no amulet)
Stlth   ++           (no ring)
HPRegen 0.25/turn    (no ring)
MPRegen 0.09/turn

%: no passive effects
@: mighty, lethally poisoned (0 -> -3)
A: permanent stasis, dig shafts and tunnels, antennae 3, four strong arms
a: Dig, Shaft Self, Renounce Religion


You were on level 2 of the Dungeon.
You worshipped Hepliaklqana.
Hepliaklqana was noncommittal.
You visited 1 branch of the dungeon, and saw 2 of its levels.

You collected 74 gold pieces.

Inventory:

Hand Weapons
 a - a +0 shortbow (weapon)
Armour
 c - a +0 leather armour (worn)
Jewellery
 d - a ring of willpower
 f - a ring of wizardry
Scrolls
 e - 2 scrolls of poison
 g - a scroll of noise {unknown}
 h - a scroll of fear {unknown}
 j - a scroll of enchant armour {unknown}
 k - a scroll of amnesia {unknown}


   Skills:
 * Level 3.4 Fighting
 * Level 4.5 Ranged Weapons
 * Level 2.5 Dodging
 + Level 2.3 Stealth
 + Level 0.1 Invocations


You had 3 spell levels left.
You didn't know any spells.
Your spell library was empty.

Dungeon Overview and Level Annotations

Branches:
Dungeon (2/15)

Altars:
Ashenzari
Dithmenos
Hepliaklqana
Wu Jian
Zin

Annotations:
D:2 Crazy Yiuf


Innate Abilities, Weirdness & Mutations

You cannot be hasted, slowed, berserked, paralysed or teleported.
You can dig through walls and to a lower floor.
You have a pair of large antennae on your head. (SInv)
Your four strong arms can wield two-handed weapons with a shield.


Message History

Press: ? - help, Q - select action, (/) - cycle Shift-Dir - straight line, f/p - Crazy Yiuf
Aim: Crazy Yiuf, wielding a +4 quarterstaff of chaos and wearing a +0 cloak (moderately wounded, 68% to hit)
You shoot an arrow. The arrow hits Crazy Yiuf.
Crazy Yiuf is heavily wounded.
Crazy Yiuf hits you with a +4 quarterstaff of chaos!
Crazy Yiuf freezes you.
Fire: a) +0 shortbow
Press: ? - help, Q - select action, (/) - cycle Shift-Dir - straight line, f/p - Crazy Yiuf
Aim: Crazy Yiuf, wielding a +4 quarterstaff of chaos and wearing a +0 cloak (heavily wounded, 68% to hit)
You shoot an arrow. The arrow hits Crazy Yiuf!
Crazy Yiuf is almost dead.
Crazy Yiuf hits you with a +4 quarterstaff of chaos!
* * * LOW HITPOINT WARNING * * *
You are lethally poisoned!
Okay, then.
Okay, then.
As you read the scroll of butterflies, it crumbles to dust.
You hear the flapping of tiny wings.
Crazy Yiuf is knocked back by the sudden gust.
* * * LOW HITPOINT WARNING * * *
You feel very sick.
Unknown command.
You swap places.
* * * LOW HITPOINT WARNING * * *
You feel sick.
Crazy Yiuf hits your butterfly with a +4 quarterstaff of chaos!
Crazy Yiuf freezes your butterfly.
Your butterfly dies!
Your butterfly disappears in a burst of colours!
You swap places.
* * * LOW HITPOINT WARNING * * *
You feel sick.
Crazy Yiuf cries, "Proton!"
Crazy Yiuf closely misses something.
Unknown command.
You swap places.
* * * LOW HITPOINT WARNING * * *
You feel sick.
You feel very mighty all of a sudden.
You die...

#.# #####
#.........####
#####.# #)g{#
####......#...
......# #b.{#
#.......###
####### ..{
#.......#.. # #b#
#.......... #
♣b♣♣ #.......#..
# ♣♣b♣
####....... #
♣b♣♣ #....... #
♣♣@♣ #.#..... #
♣♣.♣♣ #.......
♣♣b..♣ ##.##.##
♣....♣ ####.##.##
#.b..# #.......##
#....# #.##.#####
#...########.####
# ##...........#
# #############


There were no monsters in sight!

Vanquished Creatures
  A jelly (D:2)
  2 adders (D:2)
  2 bats
  9 endoplasms
  2 giant cockroaches (D:1)
  2 goblins (D:2)
  3 hobgoblins
  2 jackals (D:2)
  8 kobolds (D:2)
  3 ball pythons
  A frilled lizard (D:1)
  2 rats
37 creatures vanquished.

Notes
Turn   | Place    | Note
-------+----------+-------------------------------------------
     0 | D:1      | CrazyBamboolord the Formicid Hunter began the quest for the
                  | Orb.
     0 | D:1      | Reached XP level 1. HP: 16/16 MP: 1/1
    72 | D:1      | Reached XP level 2. HP: 23/23 MP: 2/2
   497 | D:2      | Reached XP level 3. HP: 28/28 MP: 3/3
   722 | D:2      | Found a broken altar of Ashenzari.
   722 | D:2      | Found a glowing silver altar of Zin.
   722 | D:2      | Found an ornate altar of the Wu Jian Council.
   722 | D:2      | Found a glowing silver altar of Zin.
   722 | D:2      | Found a shadowy altar of Dithmenos.
   722 | D:2      | Found a hazy altar of Hepliaklqana.
   994 | D:2      | Reached XP level 4. HP: 32/35 MP: 4/4
  1024 | D:2      | Became a worshipper of Hepliaklqana the Forgotten
  1154 | D:2      | Found a runed translucent door.
  1155 | D:2      | Noticed Crazy Yiuf
  1325 | D:2      | HP: 1/35 [poisoned by Crazy Yiuf]
  1326 | D:2      | Succumbed to Crazy Yiuf's poison

Illustrated notes

Levels and vault maps discovered:
D:1:      nicolae_arrival_washed_ashore, layout_rooms
D:2:      cheibrodos_fertilizer, layout_basic, uniq_crazy_yiuf_cottage

Skill      XL: |  1  2  3 |
---------------+----------+-----
Dodging        | 2 |  2.5
Stealth        | 2 |  2.3
Fighting       | 3 |  3.4
Ranged Weapons | |  4.5
Invocations    | |  0.1

Action                     |  1- 3 |  4- 6 || total
---------------------------+-------+-------++-------
   Fire: Shortbow          |    92 |    22 ||   114
Ability: Dig               |     2 |       ||     2
    Use: Scroll            |     3 |     1 ||     4
         Potion            |       |     1 ||     1
 Armour: Leather armour    |    11 |     5 ||    16
  Dodge: Dodged            |    15 |     3 ||    18

Table legend: (Time is in decaauts)
 A = Elapsed time spent in this place.
 B = Non-inter-level travel time spent in this place.
 C = Inter-level travel time spent in this place.
 D = Time resting spent in this place.
 E = Time spent auto-exploring this place.
 F = Levels seen in this place.
 G = Mean time per level.
                   A        B        C        D        E       F      G
               +--------+--------+--------+--------+--------+-----+--------+
         Total |   1351 |   1317 |     34 |    241 |    818 |   2 |  675.5 |
       Dungeon |   1351 |   1317 |     34 |    241 |    818 |   2 |  675.5 |
               +--------+--------+--------+--------+--------+-----+--------+

Top non-repeatable levels by time:
     D:2: 895 daAuts
     D:1: 456 daAuts
